 Dungeon Crawl Stone Soup version 0.28.0-53-g5a82cb258f (webtiles) character file.

Game seed: 5802248017607854859

93 Sin92 the Skirmisher (level 4, 0/35 HPs)
             Began as a Demonspawn Fighter on June 3, 2022.
             Succumbed to an adder's poison
             ... on level 3 of the Dungeon.
             The game lasted 00:02:31 (2507 turns).

Sin92 the Skirmisher (Demonspawn Fighter)           Turns: 2507, Time: 00:02:32

Health: 0/35       AC:  6    Str: 16    XL:     4   Next: 36%
Magic:  4/4        EV:  9    Int: 10    God:
Gold:   41         SH:  5    Dex: 14    Spells: 3/3 levels left

rFire   . . .      SeeInvis .   a - +0 long sword
rCold   . . .      Faith    .   c - +0 buckler
rNeg    . . .      Spirit   .   b - +0 scale mail
rPois   .          Reflect  .   (no helmet)
rElec   .          Harm     .   (no cloak)
rCorr   +          Rampage  .   (no gloves)
Will    .....                   (no boots)
Stlth   ..........              n - amulet of the acrobat
HPRegen 0.11/turn               m - ring of resist corrosion
MPRegen 0.09/turn               (no ring)

@: lethally poisoned (0 -> -3), attractive
A: ignite blood 1
a: no special abilities


You were on level 3 of the Dungeon.
You visited 1 branch of the dungeon, and saw 3 of its levels.

You collected 41 gold pieces.

Inventory:

Hand Weapons
 a - a +0 long sword (weapon)
Armour
 b - a +0 scale mail (worn)
 c - a +0 buckler (worn)
Jewellery
 m - a ring of resist corrosion (left hand)
 n - an amulet of the acrobat (around neck)
 o - a ring of ice
Wands
 k - a wand of flame (15)
Scrolls
 j - a scroll of identify {unknown}
 l - a scroll of immolation {unknown}
Potions
 d - a potion of might
 e - a potion of magic {unknown}
 f - a potion of ambrosia {unknown}
 g - a potion of lignification {unknown}
 h - a potion of attraction
 i - a potion of curing {unknown}


   Skills:
 + Level 3.4 Fighting
 * Level 2.9 Long Blades
 + Level 3.1 Armour
 + Level 1.1 Dodging
 + Level 3.1 Shields


You had 3 spell levels left.
You didn't know any spells.
Your spell library was empty.

Dungeon Overview and Level Annotations

Branches:
Dungeon (3/15)

Altars:


Innate Abilities, Weirdness & Mutations

Your demonic aura sometimes causes spilled blood to erupt in flames.


Message History

You feel sick.
You feel sick. The adder misses you. You block the kobold's attack.
You hit the adder.
The adder is moderately wounded.
You feel sick.
You are no longer poisoned.
The adder bites you.
The kobold hits you with a +1 vampiric dagger.
* * * LOW HITPOINT WARNING * * *
The adder closely misses you. The kobold closely misses you.
You miss the kobold. The kobold hits you but does no damage.
You completely miss the kobold. The kobold hits you but does no damage.
You barely miss the kobold. You block the kobold's attack.
You hit the kobold but do no damage.
The kobold hits you with a +1 vampiric dagger.
* * * LOW HITPOINT WARNING * * *
The kobold closely misses you.
You slash the kobold!
You kill the kobold!
The adder bites you but does no damage.
You closely miss the adder.
The adder is moderately wounded.
The adder bites you.
* * * LOW HITPOINT WARNING * * *
The adder barely misses you.
You hit the adder.
The adder is moderately wounded.
The adder closely misses you. The adder bites you.
* * * LOW HITPOINT WARNING * * *
You are lethally poisoned!
The adder poisons you!
You miss the adder.
The adder is moderately wounded.
* * * LOW HITPOINT WARNING * * *
You feel sick. The adder bites you.
* * * LOW HITPOINT WARNING * * *
It was a potion of attraction.
You feel attractive to monsters.
You die...

. ####### ...
....... #..#######
....... #...<...##
....... #######..#
....... ##.#
.......
#.####.......
#..@Sg.......
.......####..####.#
....... ...#
####### .#...#
#......# # ####...
####


You could see an adder and a goblin.

Vanquished Creatures
  3 adders
  An ufetubus (D:2)
  A worm (D:2)
  3 dart slugs
  4 ball pythons
  4 endoplasms
  2 giant cockroaches (D:1)
  5 hobgoblins
  6 jackals
  5 kobolds
  A quokka (D:1)
  5 bats
  2 frilled lizards
  5 goblins
  2 rats (D:1)
49 creatures vanquished.

Notes
Turn   | Place    | Note
-------+----------+-------------------------------------------
     0 | D:1      | Sin92 the Demonspawn Fighter began the quest for the Orb.
     0 | D:1      | Reached XP level 1. HP: 18/18 MP: 1/1
   153 | D:1      | Gained mutation: Your demonic aura sometimes causes spilled
                  | blood to erupt in flames. [demonic ancestry]
   153 | D:1      | Reached XP level 2. HP: 16/24 MP: 2/2
   527 | D:1      | HP: 1/24 [frozen (5)]
   528 | D:1      | Reached XP level 3. HP: 1/29 MP: 3/3
  1583 | D:2      | Found a faded altar of an unknown god.
  1730 | D:2      | Reached skill level 1 in Dodging
  1920 | D:2      | Reached XP level 4. HP: 32/35 MP: 4/4
  2506 | D:3      | HP: 1/35 [adder (1)]
  2507 | D:3      | Succumbed to an adder's poison

Illustrated notes

Levels and vault maps discovered:
D:1:      dpeg_arrival_arbitrary_b, layout_rooms, serial_aquarium,
          aquarium_bridge_straight [aquarium_subvault_bridge,
          aquarium_subvault_window, aquarium_subvault_bridge,
          aquarium_subvault_window], aquarium_window_fake, aquarium_window_3,
          aquarium_window_2, aquarium_window_2, aquarium_view_2c,
          aquarium_view_2g, aquarium_pool_five
D:2:      layout_basic, nicolae_ecumenical_lake_church
D:3:      layout_rooms, hellmonk_ghost_happy_afterlife, guppyfry_early_orc_mine

Skill      XL: |  1  2  3 |
---------------+----------+-----
Long Blades    | 2 |  2.9
Armour         | 3 |  3.1
Shields        | 3 |  3.1
Dodging        | 1 |  1.1
Fighting       | |  3.4

Action                   |  1- 3 |  4- 6 || total
-------------------------+-------+-------++-------
Melee: Long sword        |   128 |    31 ||   159
  Use: Potion            |       |     1 ||     1
Armor: Scale mail        |    75 |    14 ||    89
Dodge: Dodged            |    76 |    17 ||    93
Block: Buckler           |    40 |    10 ||    50
